Map: Frozen Temple

Players

МировойХуец

  • Race: Protoss Protoss
  • League: Master

Miszu - Winner!

  • Race: Terran Terran
  • League: Grandmaster

VOD

Have the link to the VOD?

Description

Time

  • Played on: May 17, 2016, 6:03 a.m.
  • Length: 7:43
Show
View Real Time Build Order
Export as new Build Order

МировойХуец Protoss 

Build Orders: Blink Stalkers 

Get SALT Encoding   

  12  0:01  Probe (Chrono Boost)  
  13  0:12  Probe (Chrono Boost)  
  14  0:18  Pylon  
  14  0:22  Probe (Chrono Boost)  
  15  0:36  Probe (Chrono Boost)  
  15  0:37  Gateway  
  16  0:43  Assimilator  
  17  0:50  Probe (Chrono Boost)  
  17  0:58  Assimilator  
  17  1:00  Probe (Chrono Boost)  
  18  1:11  Probe (Chrono Boost)  
  19  1:21  Probe (Chrono Boost)  
  20  1:26  Cybernetics Core  
  20  1:28  Pylon  
  20  1:32  Probe (Chrono Boost)  
  21  1:34  Zealot (Chrono Boost)  
  23  1:53  Gateway  
  23  2:03  Warp Gate, Mothership Core  
  23  2:07  Stalker (Chrono Boost)  
  27  2:26  Twilight Council  
  27  2:33  Stalker (Chrono Boost)  
  31  2:45  Stalker (Chrono Boost)  
  31  2:55  Pylon  
  31  3:05  Pylon x2  
  31  3:15  Pylon  
  26  3:34  Probe  
  26  3:36  Blink (Chrono Boost)  
  27  3:47  Nexus, Probe  
  28  3:59  Probe  
  29  4:10  Robotics Facility  
  29  4:11  Probe  
  30  4:18  Stalker  
  30  4:23  Probe  
  33  4:31  Pylon  
  33  4:35  Probe  
  34  4:42  Dark Shrine  
  34  4:47  Probe  
  35  4:59  Warp Prism, Probe  
  38  5:09  Probe  
  38  5:11  Probe  
  40  5:25  Probe  
  40  5:26  Probe  
  42  5:35  Gateway x2  
  42  5:38  Gateway, Probe x2  
  44  5:49  Probe  
  44  5:50  Probe  
  44  5:54  Dark Templar x2  
  44  5:57  Observer  
  51  5:59  Probe  
  51  6:02  Probe  
  53  6:10  Probe  
  53  6:11  Gateway  
  53  6:14  Probe  
  53  6:15  Gateway  
  55  6:20  Probe  
  57  6:38  Stalker, Assimilator  
  57  6:39  Stalker  
  60  7:01  Pylon  
  60  7:03  Pylon x2  
  60  7:04  Pylon  
  60  7:06  Pylon  
  60  7:09  Pylon x2  
Show
View Real Time Build Order
Export as new Build Order

Miszu Terran - Winner!

Build Orders: MMM Bio 

Get SALT Encoding   

  12  0:00  SCV  
  13  0:13  SCV  
  14  0:17  Supply Depot  
  14  0:25  SCV  
  15  0:39  SCV  
  15  0:41  Barracks  
  16  0:51  SCV  
  17  1:06  SCV  
  18  1:15  Command Center  
  18  1:19  SCV  
  19  1:30  Marine  
  19  1:31  Orbital Command  
  20  1:46  Barracks  
  20  1:48  Marine  
  21  1:55  Barracks  
  21  1:58  SCV  
  22  2:03  Refinery  
  22  2:08  Marine  
  22  2:15  Refinery  
  23  2:26  SCV  
  23  2:28  Marine  
  23  2:29  Orbital Command  
  25  2:31  Bunker  
  25  2:34  Marine  
  26  2:43  Marine  
  27  2:46  SCV  
  27  2:48  Marine  
  29  2:53  Barracks Tech Lab  
  29  2:59  SCV  
  29  3:01  Supply Depot, Marine  
  31  3:05  Marine  
  31  3:12  Marine  
  32  3:19  Marine  
  33  3:23  Marine  
  33  3:34  Marine  
  34  3:36  SCV  
  34  3:37  Marine, Stimpack, SCV  
  37  3:41  Marine  
  37  3:45  Factory  
  38  3:50  SCV, Orbital Command  
  38  3:51  Marine  
  38  3:52  Engineering Bay  
  38  3:54  Marine  
  41  3:59  Marine  
  42  4:05  Supply Depot  
  44  4:10  Marauder  
  44  4:14  Marine  
  44  4:16  SCV x2  
  46  4:19  Missile Turret  
  46  4:20  Orbital Command  
  46  4:25  Missile Turret  
  46  4:33  Starport, Missile Turret  
  46  4:34  Factory Reactor  
  46  4:43  SCV  
  46  4:54  SCV  
  46  4:57  Marine x2, Marauder  
  46  4:58  SCV  
  46  4:59  Bunker  
  52  5:04  Supply Depot  
  52  5:06  SCV  
  53  5:10  SCV  
  54  5:25  Marine x2  
  56  5:29  SCV  
  56  5:30  Supply Depot  
  56  5:31  Medivac, Marauder  
  56  5:33  Factory Reactor  
  61  5:35  Supply Depot  
  61  5:37  SCV  
  61  5:41  Combat Shields  
  62  5:49  Supply Depot  
  62  5:51  Marine x2, Medivac, SCV  
  62  5:52  SCV  
  62  5:57  Marauder  
  70  6:01  Medivac  
  70  6:03  SCV  
  73  6:10  Refinery, SCV  
  74  6:15  SCV  
  74  6:17  Supply Depot  
  75  6:21  Medivac  
  75  6:22  Supply Depot  
  75  6:23  SCV  
  70  6:34  SCV  
  70  6:35  SCV  
  70  6:38  Marine x2, Marauder  
  76  6:41  Liberator  
  76  6:46  SCV  
  78  6:47  SCV  
  78  6:56  Marine  
  78  6:58  SCV  
  78  7:00  Marine x2  
  84  7:05  SCV  
  84  7:07  Supply Depot  
  88  7:08  Supply Depot  
  88  7:10  SCV  
  88  7:13  Marine  
Tags
 
Add a new tag
Caveats
  • Supply blocks, unpowered buildings, or Contaminate may cause inaccurate times.
  • Supply counts are checked every 10 seconds.